 Dungeon Sprint DCSS version 0.24-a0-487-g57318f2ed0 (webtiles) character file.

Game seed: 6242414336883736108

469416 Arthanis the End of an Era (level 19, 128/189 HPs)
             Began as a Barachi Fire Elementalist on July 10, 2019.
             Was the Champion of Qazlal.
             Escaped with the Orb!
             The game lasted 00:18:43 (641 turns).

Arthanis the End of an Era (BaFE)                    Turns: 641, Time: 00:18:43

Health: 128/189    AC: 18    Str: 18    XL:     19   Next: 41%
Magic:  67/67      EV: 25    Int: 24    God:    Qazlal [******]
Gold:   0          SH: 44    Dex: 18    Spells: 21/22 levels left

rFire    + + +     SeeInvis .   H - +8 lance "Wyrmbane" {slay drac, rPois rF+ rC+ AC+3}
rCold    + + +     Gourm    .   J - +18 shield of the Gong {rElec rN+ MR+ EV-5}
rNeg     + . .     Faith    .   K - +1 scale mail of Negor {rC+++ Regen+ Str+3 Slay-6}
rPois    +         Spirit   .   T - +0 Maxwell's etheric cage {RegenMP+ *Contam rElec MP+4}
rElec    +         Reflect  .   Q - +1 cloak {+Inv}
rCorr    .         Harm     .   P - -6 pair of gloves of Xuosiz {+Inv rPois rF++ MP+9} (curse)
MR       ++...     NoTele   +   (no boots)
Stlth    +.........             l - amulet of the Postmodern Orbs {RegenMP Str+4 Dex+4}
HPRegen  0.81/turn              U - ring of the Octopus King {MP+9 AC+1 EV+1 Str+1 Int+1 Dex+1} MPRegen 1.15/turn*
                                M - ring "Poanles" {-Tele *Corrode +Fly rElec MP+9}

@: can't hop, flying, repel missiles, slow
A: +LOS, swims, slowness 1, strong legs 2
0: Orb of Zot
a: Hop, Upheaval, Elemental Force, Disaster Area, Renounce Religion, Evoke
Invisibility, Stop Flying


You escaped.
You worshipped Qazlal.
Qazlal was exalted by your worship.
You were not hungry.

You visited 1 branch

Inventory:

Hand Weapons
 G - the +7 Singing Sword {slice, sonic wave}
   (You found it in the Dungeon)

   It inflicts extra damage upon your enemies.
 H - the +8 lance "Wyrmbane" (weapon) {slay drac, rPois rF+ rC+ AC+3}
   (You found it in the Dungeon)

   It affects your AC (+3).
   It protects you from fire.
   It protects you from cold.
   It protects you from poison.
 O - the +9 staff of Wucad Mu {channel}
   (You took it off a spriggan in the Dungeon)
Armour
 a - a +0 robe
 I - the +15 Maxwell's patent armour {-Cast -Tele rElec MR+ rCorr}
   (You found it in the Dungeon)

   It insulates you from electricity.
   It affects your resistance to hostile enchantments.
   It prevents spellcasting.
   It prevents most forms of teleportation.
   It provides partial protection from all sources of acid and corrosion.
 J - the +18 shield of the Gong (worn) {rElec rN+ MR+ EV-5}
   (You found it in the Dungeon)

   It affects your evasion (-5).
   It insulates you from electricity.
   It protects you from negative energy.
   It affects your resistance to hostile enchantments.
 K - the +1 scale mail of Negor (worn) {rC+++ Regen+ Str+3 Slay-6}
   (You found it in the Dungeon)

   It affects your strength (+3).
   It affects your accuracy and damage with ranged weapons and melee attacks
   (-6).
   It renders you almost immune to cold.
   It increases your rate of regeneration.
 L - the +1 helmet "Jyf Anuif" {rN+ Int+6}
   (You found it in the Dungeon)

   It affects your intelligence (+6).
   It protects you from negative energy.
 P - the cursed -6 pair of gloves of Xuosiz (worn) {+Inv rPois rF++ MP+9}
   (You found it in the Dungeon)

   It greatly protects you from fire.
   It protects you from poison.
   It affects your magic capacity (+9).
   It lets you turn invisible.
   It has a curse placed upon it.
 Q - a +1 cloak of invisibility (worn)
 T - the +0 Maxwell's etheric cage (worn) {RegenMP+ *Contam rElec MP+4}
   (You found it in the Dungeon)

   It insulates you from electricity.
   It affects your magic capacity (+4).
   It causes magical contamination when unequipped.
Magical Staves
 x - an uncursed staff of energy
Jewellery
 l - the amulet of the Postmodern Orbs (around neck) {RegenMP Str+4 Dex+4}
   (You found it in the Dungeon)

   [amulet of magic regeneration]

   It increases your magic regeneration.
   It affects your strength (+4).
   It affects your dexterity (+4).
 y - an uncursed ring of flight
 z - a +6 ring of dexterity
 A - a +6 ring of dexterity
 B - a +6 ring of intelligence
 C - a +6 ring of intelligence
 D - a +6 ring of strength
 E - a +6 ring of strength
 M - the ring "Poanles" (right hand) {-Tele *Corrode +Fly rElec MP+9}
   (You found it in the Dungeon)

   [ring of magical power]

   It insulates you from electricity.
   It affects your magic capacity (+9).
   It lets you fly.
   It prevents most forms of teleportation.
   It may corrode you when you take damage.
 R - an uncursed ring of positive energy
 S - the ring "Dyucieg" {-Tele MR+ Str+3 Int+6 Dex+2}
   (You found it in the Dungeon)

   [ring of strength]

   It affects your strength (+3).
   It affects your intelligence (+6).
   It affects your dexterity (+2).
   It affects your resistance to hostile enchantments.
   It prevents most forms of teleportation.
 U - a ring of the Octopus King (left hand) {MP+9 AC+1 EV+1 Str+1 Int+1 Dex+1}
   (You took it off a deep elf mage in the Dungeon)

   [ring of magical power]

   It affects your AC (+1).
   It affects your evasion (+1).
   It affects your strength (+1).
   It affects your intelligence (+1).
   It affects your dexterity (+1).
   It affects your magic capacity (+9).
Wands
 u - a wand of disintegration (7)
 v - a wand of iceblast (7)
 w - a wand of acid (7)
Scrolls
 i - 4 scrolls of blinking
 k - 8 scrolls of enchant armour
 o - 4 scrolls of amnesia
 p - 2 scrolls of fear
 q - 7 scrolls of fog
 r - a scroll of holy word
 s - 5 scrolls of identify
 t - 5 scrolls of remove curse
 N - a scroll of brand weapon
Potions
 b - 5 potions of agility
 d - 9 potions of curing
 e - 7 potions of heal wounds
 f - 6 potions of haste
 g - 7 potions of magic
 h - 3 potions of berserk rage
 j - 2 potions of brilliance
 m - 2 potions of might
 n - 4 potions of resistance
Miscellaneous
 F - a lightning rod (4/4)
Comestibles
 c - 6 rations


   Skills:
 O Level 27 Fighting
 - Level 8.4 Long Blades
 - Level 3.0 Polearms
 - Level 24.4 Armour
 O Level 27 Dodging
 - Level 1.7 Stealth
 + Level 24.9 Shields
 - Level 2.1 Spellcasting
 - Level 1.1 Conjurations
 - Level 3.2 Fire Magic
 O Level 27 Invocations
 O Level 27 Evocations


You had 21 spell levels left.
You knew the following spells:

 Your Spells              Type           Power        Failure   Level  Hunger
a - Flame Tongue          Conj/Fire      ##...        9%          1    None

Your spell library contained the following spells:

 Spells                   Type           Power        Failure   Level  Hunger
 Throw Flame              Conj/Fire      ##....       13%         2    ##.....
 Conjure Flame            Conj/Fire      ##......     26%         3    ###....
 Inner Flame              Hex/Fire       ##......     30%         3    ###....
 Sticky Flame             Conj/Fire      ##......     63%         4    ####...
 Fireball                 Conj/Fire      ##........   93%         5    ######.


Dungeon Overview and Level Annotations

Branches:
Dungeon (1/1)

Altars:
Ashenzari
Cheibriados
Dithmenos
Elyvilon
Fedhas
Gozag
Hepliaklqana
Kikubaaqudgha
Makhleb
Nemelex Xobeh
Okawaru
Qazlal
Ru
Sif Muna
Trog
Uskayaw
Vehumet
Wu Jian
Xom
Yredelemnul
Zin
The Shining One
Beogh
Jiyva
Lugonu


Innate Abilities, Weirdness & Mutations

Shadows flee at your approach. (+LOS)
You can swim through water.
You cover ground slowly.
You can hop long distances.


Message History

You block the arrow.
The deep elf master archer shoots an arrow.
PANG!
You block the arrow.
There is a transporter here.
You see here 2 arrows.
An exit appears before you!
You enter the transporter and appear at another place.
Found the Orb of Zot.
Found a staircase leading out of the dungeon.
You see here the Orb of Zot.
You pick up the Orb of Zot!
The Orb lets out a hideous shriek!
The lords of Pandemonium are not amused.
Beware!
Now all you have to do is get back out of the dungeon!
You are no longer corroded.
There is a staircase leading out of the dungeon here.
You can't go down here!
You have 0 gold pieces.
Char dumped successfully.
You have escaped!

≈≈.[....).≈.▓..▓.......▓..▓...8©8
..)[≈≈..≈..≈▓.▓▓▓.≈...▓▓▓.▓..:.:)
≈≈≈..≈≈.≈...▓≈.▓.......▓..▓..)%..
≈.≈≈[..†≈≈≈.▓≈.≈.≈..≈(...≈▓..[[.)
..[.))..≈.≈.▓.....≈©.....≈▓..)|..
≈......≈....▓▓▓▓▓▓▓▓▓▓▓▓▓▓▓...)..
..≈.....≈.≈.▓8888888888888▓......
▓≈≈....≈▓.≈≈▓8.☼..°......8▓......
...≈.......≈▓8..@.°...©..8▓.▓..(.
≈..≈.....≈≈.▓8..°.°......8▓....©.
...≈©.......▓8888888888888▓▓▓▓▓▓▓
▓▓▓▓▓▓▓▓▓▓▓▓▓▓▓▓▓▓▓▓▓▓▓▓▓▓▓▓▓▓▓▓▓
..:..8©8....... ▓........8©8.....
[}≈.:::≈:|=..[! ▓.)):::=[=.)=))))
.≈..≈").[...))!.▓.[):))==|:)|))::
|≈}?[)=..≈)≈)[[.▓.||...}.:|})|).:
≈.≈≈...≈..|.....▓.).....}.)".)...


There were no monsters in sight!

Vanquished Creatures
  2 glowing shapeshifters (D)
  2 bone dragons (D)
  A Tzitzimitl (D)
  4 liches (D)
  5 Ice Fiends (D)
  2 titans (shapeshifter) (D)
  7 deep elf blademasters (D)
  11 deep elf master archers (D)
  4 tentacled starspawn (D)
  A thorn hunter (D)
  2 shadow dragons (D)
  A nagaraja (D)
  12 deep elf sorcerers (D)
  4 frost giants (D)
  2 draconian scorchers (D)
  A draconian knight (D)
  2 ghost moths (D)
  2 balrugs (D)
  6 ghouls (D)
  A deep elf elementalist (D)
  An emperor scorpion (D)
  A very ugly thing (D)
  A spriggan defender (D)
  An apis (D)
  2 entropy weavers (D)
  A green draconian (D)
  12 deep elf annihilators (D)
  3 vampire knights (D)
  A deep elf demonologist (D)
  3 red draconians (D)
  2 dire elephants (D)
  A black draconian (D)
  A purple draconian (D)
  A white draconian (D)
  3 yellow draconians (D)
  5 blizzard demons (D)
  15 deep elf high priests (D)
  An ice dragon (D)
  2 shambling mangroves (D)
  5 spriggan air magi (D)
  3 naga warriors (D)
  An anaconda (D)
  4 dancing weapons (D)
  A satyr (D)
  5 vampire magi (D)
  3 orc high priests (D)
  A hell hog (D)
  A thrashing horror (D)
  3 deep elf knights (D)
  13 soul eaters (D)
  6 spriggan berserkers (D)
  A shadow wraith (D)
  4 large abominations (D)
  3 wretched stars (D)
  A death drake (shapeshifter) (D)
  A sixfirhy (D)
  4 skeletal warriors (D)
  2 deep trolls (shapeshifter) (D)
  A sea snake (shapeshifter) (D)
  An unseen horror (D)
  2 flayed ghosts (D)
  2 swamp dragons (shapeshifter) (D)
  3 orc knights (D)
  4 deep elf archers (D)
  A spriggan druid (D)
  7 orb spiders (D)
  2 necromancers (D)
  2 lindwurms (shapeshifter) (D)
  A mana viper (shapeshifter) (D)
  A wolf spider (shapeshifter) (D)
  21 deep elf magi (D)
  2 oklob plants (D)
  3 shining eyes (shapeshifter) (D)
  2 orc sorcerers (D)
  5 wolf spiders (D)
  A moth of wrath (shapeshifter) (D)
  An ugly thing (D)
  A shining eye (D)
  A faun (D)
  A moth of wrath (D)
  A worldbinder (D)
  A cyclops (shapeshifter) (D)
  4 toenail golems (D)
  2 naga magi (D)
  2 black mambas (D)
  2 eyes of devastation (shapeshifter) (D)
  A smoke demon (D)
  2 torpor snails (shapeshifter) (D)
  2 komodo dragons (D)
  A tormentor (D)
  2 demonic crawlers (D)
  4 ice devils (D)
  7 rime drakes (D)
  2 hellwings (D)
  6 freezing wraiths (D)
  2 dryads (D)
  2 red devils (D)
  2 ancient zymes (D)
  A merfolk (shapeshifter) (D)
  6 polar bears (D)
  A wind drake (D)
  3 jumping spiders (D)
  10 hornets (D)
  A wind drake (shapeshifter) (D)
  A raiju (shapeshifter) (D)
  2 raiju (D)
  A slime creature (D)
  A slime creature (shapeshifter) (D)
  A hippogriff (shapeshifter) (D)
  6 redbacks (D)
  4 air elementals (D)
  3 spriggans (D)
  3 starcursed masses (D)
  A ynoxinul (D)
  4 water elementals (D)
  A tarantella (D)
  A golden eye (D)
  A basilisk (shapeshifter) (D)
  4 shadows (D)
  8 small abominations (D)
  A human (shapeshifter) (D)
  2 yaks (D)
  A neqoxec (D)
  A hungry ghost (D)
  A chaos spawn (D)
  3 nagas (D)
  3 wargs (D)
  A soldier ant (shapeshifter) (D)
  A swamp worm (shapeshifter) (D)
  An insubstantial wisp (D)
  A warg (shapeshifter) (D)
  5 water moccasins (D)
  A floating eye (D)
  4 orc warriors (D)
  9 ice beasts (D)
  2 black bears (shapeshifter) (D)
  An eye of draining (shapeshifter) (D)
  4 black bears (D)
  2 ogres (D)
  5 necrophages (D)
  6 wolves (D)
  A crocodile (D)
  A bullfrog (D)
  5 earth elementals (D)
  5 wights (D)
  2 crimson imps (D)
  2 quasits (D)
  A jelly (D)
  5 iron imps (D)
  An orc wizard (D)
  5 adders (D)
  A shadow imp (D)
  8 white imps (D)
  2 oozes (D)
  4 spectral adders (D)
  5 adder zombies (D)
  6 adder skeletons (D)
  An adder simulacrum (D)
  7 bat skeletons (D)
  9 bat zombies (D)
  A jackal (D)
  10 ball pythons (D)
  2 ball python zombies (D)
  A bat simulacrum (D)
  2 giant cockroach simulacra (D)
  3 giant cockroach zombies (D)
  3 jackal skeletons (D)
  2 jackal zombies (D)
  2 leopard gecko skeletons (D)
  3 leopard gecko zombies (D)
  2 quokka skeletons (D)
  A quokka zombie (D)
  A spectral jackal (D)
  A spectral quokka (D)
  16 briar patches (D)
  2 starspawn tentacles (D)
543 creatures vanquished.

Vanquished Creatures (collateral kills)
  A rime drake (D)
1 creature vanquished.

Vanquished Creatures (others)
  2 spatial maelstroms (D)
  A deep elf archer (D)
  A briar patch (D)
  6 starspawn tentacles (D)
10 creatures vanquished.

Grand Total: 554 creatures vanquished

Notes
Turn   | Place    | Note
-------+----------+-------------------------------------------
     0 | D        | Found the +6 Majin-Bo {vamp, Archmagi MP+6 Int+6}
     0 | D        | Found the +7 great mace "Firestarter" {inner flame, rF++}
     0 | D        | Arthanis the Barachi Fire Elementalist began the quest for
                  | the Orb.
     0 | D        | Reached XP level 1. HP: 13/13 MP: 3/3
     0 | D        | Found a transporter.
     0 | D        | Found an ancient bone altar of Kikubaaqudgha.
     0 | D        | Found a viscous altar of Jiyva.
     0 | D        | Found a corrupted altar of Lugonu.
     0 | D        | Found a hazy altar of Hepliaklqana.
     0 | D        | Found a burning altar of Makhleb.
     0 | D        | Found an opulent altar of Gozag.
     3 | D        | Banished a spatial maelstrom
    10 | D        | Banished a spatial maelstrom
    20 | D        | Became a worshipper of Qazlal Stormbringer
    24 | D        | Found the +6 shillelagh "Devastator" {shatter}
    24 | D        | Found the +11 plutonium sword {*Contam Stlth-}
    24 | D        | Found the +8 lance "Wyrmbane" {slay drac, rPois rF+ rC+
                  | AC+3}
    24 | D        | Found the +9 sword of Zonguldrok {reap}
    24 | D        | Found the cursed +13 scythe of Curses {drain, *Curse}
    24 | D        | Found the +0 sword of Power
    24 | D        | Found the +7 mace of Variability {chain chaos}
    24 | D        | Found the +7 Singing Sword {slice, sonic wave}
    24 | D        | Found the +8 storm bow {elec, penet}
    26 | D        | Found the +9 heavy crossbow "Sniper" {velocity, Acc+∞ SInv}
    26 | D        | Found the +10 dark maul {crush}
    26 | D        | Found the +15 Maxwell's patent armour {-Cast -Tele rElec
                  | MR+ rCorr}
    26 | D        | Found the +18 shield of the Gong {rElec rN+ MR+ EV-5}
    26 | D        | Found the cursed +14 obsidian axe {chop, +Fly SInv *Curse}
    45 | D        | Reached XP level 2. HP: 25/25 MP: 5/5
    49 | D        | Entered arena 2.
    49 | D        | Found a transporter.
    52 | D        | Reached skill level 1 in Long Blades
    52 | D        | Reached XP level 3. HP: 30/30 MP: 6/6
    60 | D        | Entered arena 3.
    60 | D        | Found a transporter.
    62 | D        | Reached * piety under Qazlal
    73 | D        | Got the +1 scale mail of Negor {rC+++ Regen+ Str+3 Slay-6}
    75 | D        | Entered arena 4.
    75 | D        | Noticed a toenail golem
    75 | D        | Noticed a toenail golem
    75 | D        | Noticed a toenail golem
    75 | D        | Noticed a toenail golem
    75 | D        | Found a transporter.
    80 | D        | Killed a toenail golem
    80 | D        | Reached ** piety under Qazlal
    80 | D        | Reached skill level 5 in Long Blades
    80 | D        | Reached skill level 5 in Dodging
    80 | D        | Reached XP level 4. HP: 41/41 MP: 6/8
    80 | D        | Reached XP level 5. HP: 47/47 MP: 6/9
    80 | D        | Reached XP level 6. HP: 53/53 MP: 6/10
    82 | D        | Killed a toenail golem
    82 | D        | Reached XP level 7. HP: 62/62 MP: 6/12
    83 | D        | Killed a toenail golem
    83 | D        | Reached XP level 8. HP: 66/69 MP: 6/14
    84 | D        | Killed a toenail golem
    89 | D        | Got the +1 helmet "Jyf Anuif" {rN+ Int+6}
    96 | D        | Entered arena 5.
    96 | D        | Found a transporter.
   100 | D        | Reached *** piety under Qazlal
   100 | D        | Reached skill level 1 in Invocations
   108 | D        | Entered arena 6.
   108 | D        | Noticed a slime creature
   108 | D        | Found a transporter.
   109 | D        | Paralysed by a floating eye for 4 turns
   115 | D        | Reached **** piety under Qazlal
   115 | D        | Killed a slime creature
   115 | D        | Reached XP level 9. HP: 75/76 MP: 11/15
   121 | D        | Got the amulet of the Postmodern Orbs {RegenMP Str+4 Dex+4}
   123 | D        | Got the ring "Poanles" {-Tele *Corrode +Fly rElec MP+9}
   137 | D        | Entered arena 7.
   137 | D        | Noticed a komodo dragon
   137 | D        | Noticed a komodo dragon
   137 | D        | Found a transporter.
   142 | D        | Reached ***** piety under Qazlal
   142 | D        | Reached skill level 5 in Invocations
   144 | D        | Killed a komodo dragon
   146 | D        | Killed a komodo dragon
   154 | D        | Entered arena 8.
   154 | D        | Found a transporter.
   162 | D        | Reached skill level 10 in Invocations
   165 | D        | Reached ****** piety under Qazlal
   167 | D        | Reached skill level 10 in Evocations
   177 | D        | Entered arena 9.
   177 | D        | Found a transporter.
   179 | D        | Reached XP level 10. HP: 79/83 MP: 18/18
   191 | D        | Entered arena 10.
   191 | D        | Found a transporter.
   211 | D        | Got the cursed -6 pair of gloves of Xuosiz {+Inv rPois rF++
                  | MP+9}
   218 | D        | Entered arena 11.
   218 | D        | Found a transporter.
   230 | D        | Entered arena 12.
   230 | D        | Noticed a soul eater
   230 | D        | Noticed a ghoul
   230 | D        | Noticed a soul eater
   231 | D        | Found the +8 frozen axe "Frostbite" {freezing cloud, *Noise
                  | +Fly rC+}
   231 | D        | Found a transporter.
   236 | D        | Killed a soul eater
   240 | D        | Killed a soul eater
   242 | D        | Killed a ghoul
   242 | D        | Reached skill level 15 in Invocations
   242 | D        | Reached XP level 11. HP: 72/89 MP: 22/22
   250 | D        | Entered arena 13.
   250 | D        | Noticed a spriggan air mage
   250 | D        | Noticed a spriggan druid
   250 | D        | Noticed an apis
   250 | D        | Noticed a satyr
   250 | D        | Noticed a spriggan berserker
   250 | D        | Noticed a spriggan berserker
   250 | D        | Noticed a spriggan air mage
   250 | D        | Noticed a spriggan air mage
   250 | D        | Noticed a spriggan berserker
   251 | D        | Found a transporter.
   252 | D        | Killed a spriggan air mage
   252 | D        | Killed a spriggan air mage
   252 | D        | Killed a spriggan berserker
   252 | D        | Killed a spriggan berserker
   252 | D        | Killed a spriggan berserker
   252 | D        | Killed a spriggan air mage
   253 | D        | Killed a satyr
   253 | D        | Killed a spriggan druid
   265 | D        | Killed an apis
   283 | D        | Entered arena 14.
   283 | D        | Noticed a soul eater
   283 | D        | Noticed a soul eater
   283 | D        | Noticed a ghoul
   283 | D        | Noticed a soul eater
   284 | D        | Noticed a soul eater
   286 | D        | Killed a soul eater
   286 | D        | Reached XP level 12. HP: 62/95 MP: 25/25
   286 | D        | Killed a soul eater
   287 | D        | Killed a soul eater
   287 | D        | Killed a soul eater
   290 | D        | Killed a ghoul
   292 | D        | Found a transporter.
   309 | D        | Entered arena 15.
   309 | D        | Noticed a red draconian
   309 | D        | Noticed a red draconian
   309 | D        | Noticed a yellow draconian
   309 | D        | Noticed a yellow draconian
   309 | D        | Noticed a yellow draconian scorcher
   309 | D        | Noticed a white draconian
   309 | D        | Noticed a red draconian
   309 | D        | Noticed a green draconian scorcher
   309 | D        | Noticed a yellow draconian knight
   309 | D        | Noticed a black draconian
   310 | D        | Noticed a purple draconian
   310 | D        | Noticed a yellow draconian
   310 | D        | Noticed a green draconian
   311 | D        | Killed a white draconian
   312 | D        | Killed a yellow draconian
   312 | D        | Killed a red draconian
   312 | D        | Killed a yellow draconian scorcher
   312 | D        | Killed a green draconian
   312 | D        | Killed a green draconian scorcher
   312 | D        | Killed a yellow draconian
   312 | D        | Gained mutation: You can hop long distances. [Barachi
                  | growth]
   312 | D        | Reached XP level 13. HP: 58/101 MP: 28/28
   312 | D        | Killed a black draconian
   312 | D        | Killed a red draconian
   312 | D        | Killed a yellow draconian
   312 | D        | Killed a purple draconian
   313 | D        | Killed a red draconian
   314 | D        | Found a transporter.
   317 | D        | Killed a yellow draconian knight
   324 | D        | Got the ring "Dyucieg" {-Tele MR+ Str+3 Int+6 Dex+2}
   350 | D        | Entered arena 16.
   350 | D        | Noticed a green very ugly thing
   351 | D        | Found the +0 Maxwell's etheric cage {RegenMP+ *Contam rElec
                  | MP+4}
   352 | D        | Killed a green very ugly thing
   353 | D        | Found a transporter.
   373 | D        | Entered arena 17.
   375 | D        | Identified the ring of Egomania {rPois AC+3 Dex+2}
   375 | D        | Noticed a balrug
   376 | D        | Noticed a balrug
   378 | D        | Killed a balrug
   378 | D        | Killed a balrug
   378 | D        | Reached XP level 14. HP: 102/108 MP: 30/30
   379 | D        | Found a transporter.
   387 | D        | Entered arena 18.
   392 | D        | Found a transporter.
   402 | D        | Entered arena 19.
   403 | D        | Noticed a thorn hunter
   404 | D        | Noticed a dire elephant
   404 | D        | Noticed a dire elephant
   404 | D        | Noticed a spriggan defender
   405 | D        | Reached skill level 27 in Invocations
   405 | D        | Killed a dire elephant
   405 | D        | Killed a dire elephant
   405 | D        | Killed a thorn hunter
   405 | D        | Reached skill level 10 in Armour
   407 | D        | Found a transporter.
   408 | D        | Killed a spriggan defender
   408 | D        | Reached skill level 10 in Shields
   408 | D        | Reached skill level 15 in Evocations
   418 | D        | Entered arena 20.
   422 | D        | Noticed a nagaraja
   424 | D        | Killed a nagaraja
   425 | D        | Found a transporter.
   435 | D        | Entered arena 21.
   437 | D        | Noticed a glowing shapeshifter
   438 | D        | Identified the cursed +1 hunting sling "Oket" {venom, rF+
                  | rC+ SInv}
   438 | D        | a glowing shapeshifter changed into a warg
   438 | D        | Noticed a glowing shapeshifter
   438 | D        | Noticed a glowing shapeshifter
   439 | D        | Noticed a juggernaut
   440 | D        | Reached XP level 15. HP: 112/113 MP: 32/32
   440 | D        | Killed a glowing shapeshifter
   440 | D        | Reached skill level 15 in Shields
   440 | D        | Killed a glowing shapeshifter
   440 | D        | Noticed a titan
   440 | D        | a juggernaut changed into a titan
   441 | D        | Killed a titan
   442 | D        | Noticed a titan
   443 | D        | Found a transporter.
   444 | D        | Killed a titan
   453 | D        | Entered arena 22.
   457 | D        | Noticed a ghoul
   457 | D        | Noticed a lich
   458 | D        | Found the +9 scales of the Dragon King {rPois rF+ rC+ MR+}
   458 | D        | Noticed a lich
   459 | D        | Found the +7 great mace "Undeadhunter" {disrupt, rN+}
   459 | D        | Killed a lich
   459 | D        | Noticed a lich
   461 | D        | Found the +7 Kryia's mail coat {PotionHeal*2 rC+}
   461 | D        | Killed a lich
   461 | D        | Killed a ghoul
   461 | D        | Killed a lich
   462 | D        | Reached XP level 16. HP: 120/120 MP: 33/33
   463 | D        | Found a transporter.
   473 | D        | Entered arena 23.
   479 | D        | Reached skill level 27 in Evocations
   481 | D        | Reached skill level 10 in Fighting
   483 | D        | Found a transporter.
   495 | D        | Entered arena 24.
   499 | D        | Noticed a shadow dragon
   500 | D        | Noticed a Tzitzimitl
   500 | D        | Noticed a shadow dragon
   502 | D        | Reached skill level 10 in Dodging
   502 | D        | Noticed a bone dragon
   503 | D        | Killed a shadow dragon
   503 | D        | Killed a Tzitzimitl
   503 | D        | Killed a shadow dragon
   503 | D        | Reached skill level 15 in Fighting
   506 | D        | Found the +2 Maxwell's thermic engine {flame, freeze}
   507 | D        | Killed a bone dragon
   508 | D        | Found a transporter.
   518 | D        | Entered arena 25.
   520 | D        | Noticed a deep elf blademaster
   521 | D        | Noticed a deep elf blademaster
   522 | D        | Identified the ring "Beiwup" {Ice rElec rN+ Dex+3}
   522 | D        | Noticed a deep elf master archer
   523 | D        | Killed a deep elf blademaster
   523 | D        | Reached skill level 15 in Armour
   523 | D        | Killed a deep elf blademaster
   523 | D        | Reached XP level 17. HP: 129/153 MP: 34/34
   523 | D        | Killed a deep elf master archer
   523 | D        | Killed a deep elf master archer
   524 | D        | Noticed a deep elf master archer
   524 | D        | Identified a ring of the Octopus King {MP+9 AC+1 EV+1 Str+1
                  | Int+1 Dex+1}
   524 | D        | Noticed a deep elf blademaster
   525 | D        | Identified the +5 hand axe "Colov" {drain, Str+2}
   525 | D        | Identified the ring "Vuah" {rElec Str+5 Stlth+}
   526 | D        | Reached skill level 15 in Dodging
   526 | D        | Killed a deep elf master archer
   526 | D        | Killed a deep elf master archer
   527 | D        | Killed a deep elf blademaster
   528 | D        | Identified the ring of Rimuclol {+Blink rF++ rC++ EV+5}
   530 | D        | Found a transporter.
   547 | D        | Entered arena 26.
   555 | D        | Noticed a bone dragon
   555 | D        | Noticed a tentacled starspawn
   556 | D        | Noticed a tentacled starspawn
   556 | D        | Noticed a tentacled starspawn
   556 | D        | Noticed a lich
   558 | D        | Noticed a tentacled starspawn
   559 | D        | Killed a tentacled starspawn
   559 | D        | Killed a lich
   559 | D        | Killed a tentacled starspawn
   560 | D        | Killed a bone dragon
   560 | D        | Reached XP level 18. HP: 110/179 MP: 35/35
   562 | D        | Found a transporter.
   576 | D        | Entered arena 27.
   583 | D        | Noticed an Ice Fiend
   583 | D        | Noticed an Ice Fiend
   583 | D        | Noticed an Ice Fiend
   584 | D        | Killed an Ice Fiend
   584 | D        | Reached skill level 27 in Fighting
   584 | D        | Killed an Ice Fiend
   585 | D        | Killed an Ice Fiend
   585 | D        | Noticed an Ice Fiend
   586 | D        | Noticed an Ice Fiend
   587 | D        | Killed an Ice Fiend
   587 | D        | Killed an Ice Fiend
   601 | D        | Found the +5 scythe "Finisher" {speed, eviscerate}
   601 | D        | Found a transporter.
   610 | D        | Entered arena 28.
   620 | D        | Noticed a deep elf blademaster
   621 | D        | Noticed a deep elf master archer
   621 | D        | Noticed a deep elf master archer
   621 | D        | Noticed a deep elf master archer
   621 | D        | Noticed a deep elf master archer
   622 | D        | Identified the ring of Tulips {+Fly Int+2}
   622 | D        | Noticed a deep elf master archer
   622 | D        | Noticed a deep elf blademaster
   622 | D        | Identified the +2 robe of Broken Taboos {rCorr}
   623 | D        | Noticed a deep elf blademaster
   623 | D        | Noticed a deep elf blademaster
   623 | D        | Killed a deep elf master archer
   623 | D        | Killed a deep elf blademaster
   623 | D        | Killed a deep elf master archer
   623 | D        | Killed a deep elf master archer
   623 | D        | Killed a deep elf master archer
   623 | D        | Reached XP level 19. HP: 152/189 MP: 36/36
   624 | D        | Identified the cursed +0 great sword of Wu Jian's Regard
                  | {slice, rElec rC++ Dex+3 Stlth+}
   625 | D        | Reached skill level 27 in Dodging
   626 | D        | Found a transporter.
   636 | D        | Got the Orb of Zot
   641 | D        | Escaped with the Orb!

Levels and vault maps discovered:
D:        sprint_v [room_start, room_1, room_2, room_3, room_4, room_5, room_6,
          room_7, room_8, room_9, room_10, room_11, room_12, room_13, room_14,
          room_15, room_16, room_17, room_18, room_19, room_20, room_21,
          room_22, room_23, room_24, room_25, room_26, room_27]

Skill      XL: |  1  2  3  4  5  6  7  8  9 10 11 12 13 14 15 16 17 18 19 |
---------------+----------------------------------------------------------+-----
Fighting       | 3 4 6 8 9 19 26 27 | 27.0
Polearms       | 3 |  3.0
Armour         | 3 4 7 8 9 10 15 20 24 | 24.4
Shields        | 3 6 7 8 13 15 20 24 | 24.9
Evocations     | 3 6 7 8 9 10 17 25 27 | 27.0
Long Blades    | 1 5 7 8 |  8.4
Dodging        | 5 6 7 8 14 18 25 27 | 27.0
Invocations    | 4 10 15 19 22 25 27 | 27.0
Stealth        | |  1.7
Spellcasting   | |  2.1
Conjurations   | |  1.1
Fire Magic     | |  3.2

Action                   |  1- 3 |  4- 6 |  7- 9 | 10-12 | 13-15 | 16-18 | 19-21 || total
-------------------------+-------+-------+-------+-------+-------+-------+-------++-------
Melee: Double sword      |    13 |     2 |    30 |    32 |       |       |       ||    77
       Staff             |       |       |       |     4 |       |       |       ||     4
       Lance             |       |       |       |       |       |     2 |       ||     2
Invok: Disaster Area     |       |       |       |     9 |    17 |    24 |     3 ||    53
       Elemental Force   |       |       |       |       |       |     1 |       ||     1
 Abil: Evoke Flight      |       |       |       |       |     3 |     2 |     1 ||     6
       Hop               |       |       |       |       |     1 |     1 |     1 ||     3
Evoke: Staff of energy   |       |       |     4 |     8 |     7 |     7 |       ||    26
  Use: Potion            |     3 |       |     3 |       |       |     4 |       ||    10
 Stab: Invisible         |     1 |     1 |     3 |       |       |       |       ||     5
  Eat: Ration            |       |       |       |       |       |     1 |       ||     1
Armor: Plate armour      |    14 |     1 |    19 |    10 |       |       |       ||    44
       Scale mail        |       |       |       |       |     2 |     5 |     2 ||     9
Dodge: Dodged            |     1 |       |     4 |     5 |     1 |    10 |       ||    21
Block: Shield            |    29 |     5 |    59 |    73 |    24 |    85 |    13 ||   288
       Rpst.: Double sword |     1 |       |       |     2 |       |       |       ||     3

Table legend:
 A = Non-vault XP
 B = Vault XP
 C = Vault XP percentage of total XP
 D = Non-vault monster count
 E = Vault monster count
 F = Vault count percentage of total count
                 A         B        C        D         E       F
            +---------+---------+-------+---------+---------+-------
      Total |    1739 |  349292 |  99.5 |       5 |     521 |  99.0
            +---------+---------+-------+---------+---------+-------
          D |    1739 |  349292 |  99.5 |       5 |     521 |  99.0
            +---------+---------+-------+---------+---------+-------
